Cogmind - Beta 13 @@@ ROGUE MODE // 2024.05.30 @ 14:30:07 Player: CanadianCogs Result: Destroyed by G-47 Trooper with Particle Gun Performance ------------- Evolutions (2) 1000 Regions Visited (5) 1000 Robots Destroyed (15) 75 Value Destroyed (394) 394 Prototype IDs (3) 60 Alien Tech Used (0) 0 Bonus (300) 300 TOTAL SCORE: 2829 Bonus ------- Aligned with FarCom 300 Cogmind --------- Core Integrity 0/550 Matter 126/300 Energy 51/265 System Corruption 14% Temperature Cool (18) Movement Core (600) Ox11 Location -8/Materials Parts ------- > --- POWER (1) -------- Reinforced Ion Engine > --- PROPULSION (2) --- (None) > --- UTILITY (6) ------ Improved Cooling System Improved Cooling System Large Storage Unit Melee Analysis Suite Hacking Suite > --- WEAPON (2) ------- Hammer > --- INVENTORY (15) --- Wheel Gravmag System Gravmag System Gravmag System Gravmag System Improved Cooling System Improved Cooling System High-capacity Storage Unit Improved Shield Generator Improved Shield Generator Improved Shield Generator Assault Rifle Field Lobotomy Kit (5) Peak State ------------ > --- POWER ------------ Reinforced Ion Engine > --- PROPULSION ------- Wheel Wheel > --- UTILITY ---------- Improved Cooling System Improved Cooling System Large Storage Unit Melee Analysis Suite Improved Shield Generator Hacking Suite > --- WEAPON ----------- Particle Gun Hammer > --- INVENTORY -------- Wheel Gravmag System Gravmag System Improved Cooling System Improved Cooling System High-capacity Storage Unit Improved Shield Generator Improved Shield Generator Improved Shield Generator Assault Rifle Field Lobotomy Kit [Rating: 30] Favorites ----------- Power Ion Engine Engine Ion Engine Propulsion Aluminum Leg Leg Aluminum Leg Wheel Wheel Utility Hacking Suite Device Improved Cooling System Storage Large Storage Unit Processor Melee Analysis Suite Hackware Hacking Suite Protection Core Shielding Weapon Light Assault Rifle Energy Gun Particle Gun Energy Cannon Guided Plasma Cannon Ballistic Gun Light Assault Rifle Launcher Grenade Launcher Special Weapon Mining Laser Impact Weapon Hammer Build | -11 -10 -10 -10 -9 -8 ------- Run | Yrd Mat Min Exi Min Mat Slots Evolved 4 | . . . . . 4 Power . | . . . . . . Propulsion . | . . . . . . Utility 4 | . . . . . 4 Weapon . | . . . . . . Parts Attached 45 | 7 2 1 9 5 21 Power 2 | 1 . . . . 1 Engine 2 | 1 . . . . 1 Core . | . . . . . . Reactor . | . . . . . . Propulsion 7 | 2 . . . 3 2 Treads . | . . . . . . Leg 2 | 2 . . . . . Wheel 5 | . . . . 3 2 Hover . | . . . . . . Flight . | . . . . . . Utility 18 | 2 1 . 4 . 11 Device 9 | 1 . . 1 . 7 Storage 5 | 1 . . 3 . 1 Processor 1 | . . . . . 1 Hackware 1 | . 1 . . . . Protection 2 | . . . . . 2 Artifact . | . . . . . . Weapon 18 | 2 1 1 5 2 7 Energy Gun 1 | . . . . . 1 Energy Cannon 1 | . . . 1 . . Ballistic Gun 6 | 2 . 1 1 2 . Ballistic Cannon . | . . . . . . Launcher 3 | . 1 . . . 2 Special Weapon 6 | . . . 3 . 3 Impact Weapon 1 | . . . . . 1 Slashing Weapon . | . . . . . . Piercing Weapon . | . . . . . . Special Melee Weapon . | . . . . . . Unidentified Prototypes 3 | . . . 3 . . Parts Lost 18 | . . . . . 18 Power 1 | . . . . . 1 Propulsion 4 | . . . . . 4 Utility 5 | . . . . . 5 Weapon 8 | . . . . . 8 Highest Loss Streak 14 | . . . . . 14 To Critical Strikes 1 | . . . . . 1 Average Slot Usage (%) 88 | . 100 100 82 92 82 Engine 12 | . 14 14 14 14 7 Leg 15 | . 28 28 28 5 . Wheel 7 | . . . . 15 14 Device 4 | . 4 . . . 16 Storage 12 | . 14 14 13 14 9 Hackware 12 | . 9 14 14 14 9 Protection 1 | . . . . . 5 Energy Gun 1 | . . . . . 5 Ballistic Gun 15 | . 27 28 . 28 6 Special Weapon 3 | . . . 11 . . Impact Weapon 1 | . . . . . 4 Naked Turns . | . . . . . . Heaviest Build 46 | 13 14 12 46 27 43 Greatest Support 32 | 20 20 20 20 32 32 Greatest Overweight (x) 8 | 1 . . 2 8 8 Average Overweight (x) . | . . . . 2 1 Largest Inventory Capacity 20 | 8 8 8 20 15 20 Average Capacity 12 | 7 8 8 11 15 15 Most Carried 13 | 5 6 6 9 13 13 Average Carried 7 | . 2 6 7 8 8 Final Capacity 15 | 8 8 8 15 15 15 Final Carried 13 | . 6 6 9 13 13 Class Distribution -------------------- 81% | Mutant 10% | Scavenger-Mutant 5% | Skirmisher Dominant Class ---------------- Mutant | -10/Materials Mutant | -10/Mines Mutant | -10/Exiles Mutant | -9/Mines Scavenger-Mutant | -8/Materials Resources | -11 -10 -10 -10 -9 -8 ----------- Run | Yrd Mat Min Exi Min Mat Matter Collected 560 | 250 29 . . 74 207 Remotely . | . . . . . . Salvage Created 508 | 24 39 . . 158 287 Parts 22 | 2 1 . . 7 12 Haulers Intercepted . | . . . . . . Recyclers Shooed 2 | . . . . . 2 Parts Field Recycled . | . . . . . . Retrieved Matter . | . . . . . . Parts Self-Destructed . | . . . . . . Prevented . | . . . . . . Kills | -11 -10 -10 -10 -9 -8 ------- Run | Yrd Mat Min Exi Min Mat Combat Hostiles Destroyed 9 | . 2 . . . 7 Melee 1 | . . . . . 1 Guns 6 | . 2 . . . 4 AOE 2 | . . . . . 2 Classes Destroyed 7 | 1 2 . . 1 3 Tunneler 2 | 1 . . . 1 . Recycler 2 | . . . . 2 . Operator 2 | . 1 . . . 1 Swarmer 2 | . 2 . . . . Grunt 5 | . . . . . 5 Brawler 1 | . . . . . 1 Sentry 1 | . . . . . 1 Best Kill Streak 4 | 1 2 . . 1 4 Combat Bots Only 4 | . 2 . . . 4 Max Kills in Single Turn 2 | 1 1 . . 1 2 Gunslinging . | . . . . . . Exploded 2 | . . . . . 2 Melee 1 | . . . . . 1 Uniques/NPCs Destroyed . | . . . . . . Combat | -11 -10 -10 -10 -9 -8 -------- Run | Yrd Mat Min Exi Min Mat Hostile Shots Fired 176 | . 17 . . . 159 Missed 47 | . 6 . . . 41 Damage Taken 1968 | . 90 . . . 1878 Core 565 | . 7 . . . 558 Absorbed by Shields 121 | . . . . . 121 Redirected to Shielding 39 | . . . . . 39 Core Remaining (%) 98 | 100 . . . 97 . Volleys Fired 73 | 6 12 . . 18 37 Largest 2 | 2 2 . . 2 2 Hottest 65 | 40 40 . . 40 65 Shots Fired 120 | 12 24 . . 36 48 Gun 118 | 12 24 . . 36 46 Cannon . | . . . . . . Launcher 2 | . . . . . 2 Special . | . . . . . . Kinetic 102 | 12 24 . . 36 30 Thermal 16 | . . . . . 16 Explosive 2 | . . . . . 2 Electromagnetic . | . . . . . . Robot Hit Streak 6 | 5 3 . . 6 6 Robot Miss Streak 5 | 2 5 . . 3 3 Penetration Max . | . . . . . . Secondary Targets 1 | . . . . . 1 Max Gunslinging Chain 1 | . . . . . 1 Shots Hit Robots 78 | 9 10 . . 22 37 Core Hits 33 | 2 4 . . 8 19 Critical Kills . | . . . . . . Critical Parts Destroyed 3 | . 2 . . . 1 Critical Strikes 3 | . 2 . . . 1 Destroy 2 | . 2 . . . . Smash 1 | . . . . . 1 Melee Attacks 11 | . . . . . 11 Impact 11 | . . . . . 11 Slashing . | . . . . . . Piercing . | . . . . . . Sneak Attacks . | . . . . . . Combat Hostiles . | . . . . . . Follow-up Attacks . | . . . . . . Damage Inflicted 1125 | 93 73 . . 183 776 Guns 654 | 93 73 . . 183 305 Cannons . | . . . . . . Explosions 252 | . . . . . 252 Melee 219 | . . . . . 219 Ramming . | . . . . . . Kinetic 525 | 93 73 . . 183 176 Thermal 129 | . . . . . 129 Explosive 252 | . . . . . 252 Electromagnetic . | . . . . . . Impact 219 | . . . . . 219 Slashing . | . . . . . . Piercing . | . . . . . . Highest Corruption 14 | . 1 1 1 1 14 Average Corruption 3 | . 1 1 1 1 13 Corruption Purged . | . . . . . . Corruption Blocked . | . . . . . . Effects 29 | . 2 1 4 2 20 Message Errors 4 | . . 1 1 1 1 Matter Fused 6 | . 2 . 2 . 2 Heat Flow Errors 4 | . . . . . 4 Energy Discharges 4 | . . . 1 . 3 Data Loss (minor) 5 | . . . . 1 4 Data Loss (major) 1 | . . . . . 1 Alerts 3 | . . . . . 3 Misdirections 1 | . . . . . 1 Weapon Failures 1 | . . . . . 1 Overload Shots . | . . . . . . Overflow Damage 30 | . . . . . 30 Projectiles . | . . . . . . Explosions . | . . . . . . Melee 30 | . . . . . 30 Knockbacks . | . . . . . . Impact . | . . . . . . Kinetic . | . . . . . . Secondary . | . . . . . . Self-Inflicted Damage 81 | . . . . . 81 Shots 2 | . . . . . 2 Rammed . | . . . . . . Targets Rammed . | . . . . . . Kicked . | . . . . . . Crushed . | . . . . . . Highest Temperature 255 | . . . . . 255 Average Temperature 51 | . . . . . 51 Received Heat Transfer 827 | . 12 . . . 815 Siege Activations . | . . . . . . Robots Corrupted . | . . . . . . Combat Hostiles . | . . . . . . Parts Fried 1 | . . . . . 1 Impact Corruptions 2 | . . . . . 2 Robots Melted . | . . . . . . Combat Hostiles . | . . . . . . Parts Melted . | . . . . . . Heat Transferred 296 | . . . . . 296 Parts Sabotaged . | . . . . . . Parts Stolen . | . . . . . . Parts Stripped . | . . . . . . Power Chain Reactions . | . . . . . . Alert | -11 -10 -10 -10 -9 -8 ------- Run | Yrd Mat Min Exi Min Mat Peak Influence 151 | 5 151 . . 15 147 Initial 5 | . 3 . . . 5 Average 36 | 1 93 . . 2 47 Maximum Alert Level . | . . . . . . Low Security (%) 100 | 100 100 100 . 100 100 Level 1 . | . . . . . . Level 2 . | . . . . . . Level 3 . | . . . . . . Level 4 . | . . . . . . Level 5 . | . . . . . . High Security . | . . . . . . Max Security . | . . . . . . Squads Dispatched 4 | . 2 . . . 2 Investigation 2 | . 1 . . . 1 Extermination . | . . . . . . Reinforcement 2 | . 1 . . . 1 Assault . | . . . . . . Garrison . | . . . . . . Intercept . | . . . . . . Searches Triggered . | . . . . . . Construction Impeded . | . . . . . . Haulers Reinforced . | . . . . . . Active Scanning Responses . | . . . . . . Cargo Convoy Interrupts . | . . . . . . Stealth | -11 -10 -10 -10 -9 -8 --------- Run | Yrd Mat Min Exi Min Mat Distress Signals . | . . . . . . Communications Jammed . | . . . . . . Distress Signals . | . . . . . . Times Spotted 24 | . 7 . . . 17 Peak Tracking Total 6 | . 5 . . . 6 Tactical Retreats 3 | . 1 . . . 2 Traps | -11 -10 -10 -10 -9 -8 ------- Run | Yrd Mat Min Exi Min Mat Traps Triggered . | . . . . . . Indirectly . | . . . . . . Trap Hack Attempts . | . . . . . . Triggered . | . . . . . . Disarmed . | . . . . . . Reprogrammed . | . . . . . . Reused . | . . . . . . Traps Extracted . | . . . . . . Installed . | . . . . . . Triggered . | . . . . . . Machines | -11 -10 -10 -10 -9 -8 ---------- Run | Yrd Mat Min Exi Min Mat Machines Disabled . | . . . . . . Max in Single Turn . | . . . . . . Machines Repaired . | . . . . . . Machines Dismantled . | . . . . . . Machines Sabotaged . | . . . . . . Overloaded Fab Kills . | . . . . . . Hacking | -11 -10 -10 -10 -9 -8 --------- Run | Yrd Mat Min Exi Min Mat Machines Accessed 7 | . 5 . . . 2 Terminals 6 | . 4 . . . 2 Fabricators . | . . . . . . Repair Stations . | . . . . . . Recycling Units 1 | . 1 . . . . Scanalyzers . | . . . . . . Garrison Access . | . . . . . . Total Hacks 29 | . 21 . . . 8 Successful 19 | . 13 . . . 6 Failed 10 | . 8 . . . 2 Catastrophic 1 | . . . . . 1 Database Lockouts . | . . . . . . Manual 26 | . 19 . 1 . 6 Terminals 27 | . 19 . . . 8 Fabricators . | . . . . . . Repair Stations . | . . . . . . Recycling Units 2 | . 2 . . . . Scanalyzers . | . . . . . . Garrison Access . | . . . . . . Terminal Hacks 11 | . 7 . . . 4 Part Schematic 1 | . . . . . 1 Robot Schematic 6 | . 5 . . . 1 Robot Analysis 1 | . . . . . 1 Alert Level 1 | . 1 . . . . Transport Status 1 | . 1 . . . . Zone Layout 1 | . . . . . 1 Fabricator Hacks . | . . . . . . Repair Station Hacks . | . . . . . . Recycling Unit Hacks 1 | . 1 . . . . Report Inventory 1 | . 1 . . . . Scanalyzer . | . . . . . . Garrison Access Hacks . | . . . . . . Unauthorized Hacks 7 | . 5 . . . 2 Terminals 6 | . 4 . . . 2 Assimilate 1 | . 1 . . . . Botnet 5 | . 3 . . . 2 Fabricators . | . . . . . . Repair Stations . | . . . . . . Recycling Units 1 | . 1 . . . . Tunnel 1 | . 1 . . . . Scanalyzers . | . . . . . . Garrison Access . | . . . . . . Data Cores Recovered . | . . . . . . Used . | . . . . . . Hacking Detections 6 | . 4 . . . 2 Full Trace Events 6 | . 4 . . . 2 Feedback Events 1 | . 1 . . . . Corruption 1 | . 1 . . . . Feedback Blocked . | . . . . . . Robot Schematics Acquired 6 | . 5 . . . 1 Robots Built . | . . . . . . Authchips . | . . . . . . Time . | . . . . . . Total Robot Build Rating . | . . . . . . Part Schematics Acquired 1 | . . . . . 1 Parts Built . | . . . . . . Authchips . | . . . . . . Time . | . . . . . . Total Part Build Rating . | . . . . . . Parts Repaired . | . . . . . . Time . | . . . . . . Parts Recycled . | . . . . . . Recycled Matter . | . . . . . . Retrieved Matter . | . . . . . . Retrieved Components . | . . . . . . Parts Scanalyzed . | . . . . . . Part Schematics Acquired . | . . . . . . Parts Damaged . | . . . . . . Bothacking | -11 -10 -10 -10 -9 -8 ------------ Run | Yrd Mat Min Exi Min Mat Used RIF Installer . | . . . . . . Robots Hacked . | . . . . . . Non-combat . | . . . . . . Combat . | . . . . . . Robot Hacks Applied . | . . . . . . Relay Couplers Released . | . . . . . . Fabnet Peak Effective % . | . . . . . . Robots Rewired . | . . . . . . Allies Hacked . | . . . . . . Hacks Repelled . | . . . . . . Allies | -11 -10 -10 -10 -9 -8 -------- Run | Yrd Mat Min Exi Min Mat Total Allies 3 | . . . . 3 . Largest Group 3 | . . . . 3 3 Highest-Rated Group 40 | . . . . 40 40 Highest-Rated Ally 16 | . . . . 16 16 Total Orders . | . . . . . . Ally Attacks 5 | . . . . . 5 Total Damage 29 | . . . . . 29 Kills . | . . . . . . Allies Corrupted . | . . . . . . Allies Melted 1 | . . . . . 1 Intel | -11 -10 -10 -10 -9 -8 ------- Run | Yrd Mat Min Exi Min Mat Robot Analysis Total 1 | . . . . . 1 Derelict Logs Recovered 1 | . . . . 1 . Drone Launches . | . . . . . . Drone Recoveries . | . . . . . . Exploration | -11 -10 -10 -10 -9 -8 ------------- Run | Yrd Mat Min Exi Min Mat Turns Passed 2742 | 110 451 81 754 754 592 Spaces Moved 1441 | 71 173 64 495 370 268 Core 90 | 17 . . . 63 10 Treads . | . . . . . . Legs 860 | 54 173 64 495 74 . Wheels 491 | . . . . 233 258 Hover . | . . . . . . Flight . | . . . . . . Fastest Speed 50 | 50 120 120 120 100 95 Average Speed 143 | 107 120 120 147 180 113 Slowest Speed 450 | 190 120 120 260 450 450 Overloaded Moves . | . . . . . . Propulsion Burnouts . | . . . . . . Robots Hopped . | . . . . . . Cave-ins Triggered . | . . . . . . Exploration Rate (%) 35 | 5 30 21 91 51 17 Regions Visited 5 Branch Regions 3 Pre-discovered Areas 2 | . 1 1 . . . Known Exits Taken . | . . . . . . Unknown Exits Taken 5 | 1 1 1 1 1 . Scrap Searched 3 | . . . . 3 . Spaces Dug . | . . . . . . Terrain Destroyed 14 | . . . . . 14 Melee . | . . . . . . Projectile . | . . . . . . AOE 14 | . . . . . 14 Terrain Rammed . | . . . . . . Walls Destroyed . | . . . . . . Machines Disabled . | . . . . . . Actions | -11 -10 -10 -10 -9 -8 --------- Run | Yrd Mat Min Exi Min Mat Total 2002 | 95 397 67 520 427 496 Wait 374 | 5 204 3 1 25 136 Move 1436 | 70 172 63 494 369 268 Hop . | . . . . . . Pick Up 46 | 7 6 . 6 7 20 Fast Attach 4 | . . . 4 . . Attach 35 | 7 1 . 3 3 21 Detach 7 | . 1 . 4 1 1 Swap 6 | . 1 1 2 2 . Drop 10 | . . . 6 2 2 Fire 73 | 6 12 . . 18 37 Melee 11 | . . . . . 11 Ram . | . . . . . . Kick . | . . . . . . Crush . | . . . . . . Escape Stasis . | . . . . . . Rewire . | . . . . . . Trap . | . . . . . . Miscellaneous . | . . . . . . Route ------- -11/Scrapyard -10/Materials -10/Mines (discovered 2 exits: [*Mat] / *Exi) -10/Exiles -9/Mines (discovered 2 exits: *Mat x2) -8/Materials History --------- Turn | Location | Event 4 | -11/Scrapyard | Discovered new exit (range 15) 111 | -11/Scrapyard | Entered Materials 305 | -10/Materials | Build established: Mutant 507 | -10/Materials | Discovered new exit (range 9) 562 | -10/Materials | Entered Mines 570 | -10/Mines | Discovered new exit (range 12) 575 | -10/Mines | Assembled infested the area 604 | -10/Mines | Learned location of Storage (-7) 638 | -10/Mines | Deemed a non-threat by the Exiles lab entrance 638 | -10/Mines | Discovered new exit (range 5) 643 | -10/Mines | Entered Exiles 679 | -10/Exiles | Met 8R-AWN 697 | -10/Exiles | Met EX-HEX 733 | -10/Exiles | Met EX-BIN 750 | -10/Exiles | Aligned with FarCom system 751 | -10/Exiles | Given EX-Vault access code 779 | -10/Exiles | Opened EX-Vault 786 | -10/Exiles | Found Prototype Special Weapon 786 | -10/Exiles | Identified Field Lobotomy Kit 790 | -10/Exiles | Found Prototype Energy Cannon 790 | -10/Exiles | Identified Gui. Plasma Cannon 798 | -10/Exiles | Found Prototype Device 801 | -10/Exiles | Identified Supersonic Drone Bay 850 | -10/Exiles | Warned to stay clear of 0b10 Research branches 883 | -10/Exiles | Met EX-DEC 956 | -10/Exiles | Visited The Gauntlet 1270 | -10/Exiles | Discovered new exit (range 15) 1397 | -10/Exiles | Left Exiles lab with Field Lobotomy Kit 1397 | -10/Exiles | Entered Mines 1708 | -9/Mines | Assisted by bots powering up and referring to "LRC-V3" 1798 | -9/Mines | Discovered new exit (range 14) 1907 | -9/Mines | Received a Rocket Launcher from a helpful Derelict 1996 | -9/Mines | Discovered new exit (range 14) 2020 | -9/Mines | Learned 2 Materials zone layouts 2151 | -9/Mines | Entered Materials 2151 | -8/Materials | Accompanied by 3 allies 2151 | -8/Materials | Evolved 4 slots: Utility x4 2356 | -8/Materials | Lost 3 allies 2377 | -8/Materials | System corruption reached 10% 2383 | -8/Materials | Core integrity fell below 50% 2417 | -8/Materials | Lost 14 parts (1p2n4u7w) 2644 | -8/Materials | Core integrity fell below 20% 2743 | -8/Materials | Destroyed by G-47 Trooper with Particle Gun Last Messages --------------- Cryofiber Web Rating: 3 Schematic downloaded. 02608_ ALERT: Suspicious activity at Terminal M003. Dispatching Investigation squad. 02631_ System corrupted: Substantial component data lost. 02654_ System corrupted: Heat flow error (+191). 02673_ System corrupted: IFF burst signal emitted. 02686_ Critical hit (Burn: +26). 02690_ System corrupted: Matter fused (-9). 02715_ System corrupted: Component data lost. 02720_ Critical hit (Burn: +26). 02723_ Wheel destroyed. 02724_ Y-45 Defender destroyed. 02731_ Wheel destroyed. 02734_ Imp. Shield Generator destroyed. 02735_ System corrupted: Component data lost. 02735_ R-06 Scavenger collects Lgt. Treads. 02737_ Particle Gun destroyed. 02739_ R-06 Scavenger collects Hvy. Assault Rifle. Map ----- +----------------------------------------------------+ | ????????????????????????????????????????????????? | | ????????????????????????????????????????????????? | | ????????????????????????????????????????????????? | | ????????????????????????????????????????????????? | | ???????????????????????????????#????????????????? | | ??????????????????????????????## ????????####### | | ??????????????????????????????# ####### # | | ??????????????????????????????# | | ??????????????????????????????+ | | ?????????????????Y????????????# ! | | ??????????????????????????????# ####### # | | ?????????????????????????????????? ???????####### | | ???????????????????????????????? ?????????????? | | ???????????????????????????????? ????????????#? | | ???????????????????????????????? ????????????# | | ???????????????????????????????? ????????????# | | ???????????????????????????????? ????????????# | | ???????????????????????????????? ?????????????# | | ????????????????????????????????# #?????????????# | | ????????????????????????????????# #?????????????# | | ????????????????????????????????# #?????????????# | | ????????????????????????????????# #?????????????? | | ?????H????????????????????????### ###???????????? | | ??????????????????????####????# ########????? | | ?????????????????????##!g###### ###### | | ?????????????????????#! @gr | | ?????????????????????#! [###### ###### | | ?????????????????????#! #????# ########????? | | ?????????????????????#! #????###"###???????????? | | ?????????????????????##! #????? ????????????? | | ??????????????????????####???? """ ""???????????? | | ????????????????????????????? """ """??????????? | | ???????????????????????????# """ """ ?????????? | | ???????????????????????????# ??????????? | | ???????????????????????????##########???????????? | | | | | | | | | | | | | | | | | | | | | | | | | | | | | | | +----------------------------------------------------+ Best States ------------- Heat Dissipation 85 Energy Generation 12 Energy Capacity 265 Matter Stores 290 Matter Capacity 300 Sight Range 16 Robot Scan Range 14 Terrain Scan Density 10 Armor Coverage 150 Core Shielding 20 Evasion (%) 55 Melee Accuracy 5 Offensive Hacking 10 Item Schematics ----------------- Cryofiber Web | -8/Materials | Hacked Robot Schematics ------------------ S-10 Pest | -10/Materials | Hacked G-34 Mercenary | -10/Materials | Hacked W-16 Scout | -10/Materials | Hacked O-16 Technician | -10/Materials | Hacked K-01 Serf | -10/Materials | Hacked G-47 Trooper | -8/Materials | Hacked Fabricated ------------ Nothing Alien Tech Used ----------------- None Achievements -------------- None Challenges ------------ None Game ------ Seed FissionReinforcedPit Manual? 0 Play Time 00:35:31 Cumulative 34.2 hours Start 2024.05.30 @ 13:42:23 End 2024.05.30 @ 14:30:07 Sessions 1 Manual Loads 0 Difficulty Rogue Special Mode None Game No. 60 Rogue 60 Adventurer 0 Explorer 0 Win Type - Total 0 Types 0/0/0/0/0/0/0/0/0 Lore% 21 Gallery% 29 Achievement% 26 Wizard Run 0 Options --------- Layout 0 ASCII 0 Keyboard 0 Movement Mouse Keybinds 0 Fullscreen 2 Font 18/SmallcapsGlow Map View 38x25 Zoom Use 90% Tactical HUD 1 Map Filters NONE Filters NONE Steam 1 RUN: 8d4712e0-89a9-4e21-9e54-38245856e4aa